 Dungeon Sprint DCSS version 0.30-a0-772-g5528072125 (webtiles) character file.

Game seed: 9496455875511695247

1807 rocky1 the Covert (level 9, -3/93 HPs)
             Began as a Naga Fighter on Feb 13, 2023.
             Was an Initiate of Gozag.
             Slain by a rakshasa
             ... wielding a +0 trident
              (11 damage)
             ... in the Dungeon (Sprint IX: "|||||||||||||||||||||||||||||").
             The game lasted 00:04:02 (819 turns).

rocky1 the Covert (Naga Fighter)                     Turns: 819, Time: 00:04:02

Health: -3/93      AC:  9    Str: 30    XL:     9   Next: 9%
Magic:  9/9        EV:  6    Int:  8    God:    Gozag
Gold:   345        SH:  6    Dex: 10    Spells: 8/8 levels left

rFire   . . .      SeeInvis +    l - +1 broad axe (heavy)
rCold   . . .      Faith    .    c - +0 buckler
rNeg    . . .      Spirit   .    p - +1 chain mail
rPois   +          Reflect  .    (no helmet)
rElec   .          Harm     .    o - +0 cloak
rCorr   .          Rampage  .    (no gloves)
Will    +....      NoTele   +    (no barding)
Stlth   ++                       (no amulet)
HPRegen 0.35/turn                m - +3 ring of strength
MPRegen 0.11/turn                n - +3 ring of strength

@: gold aura, hasted, quick
A: AC +3, large, see invisible, deformed body, poison resistance, slowness 2,
spit poison 1, naga tail 1
a: Spit Poison, Renounce Religion, Potion Petition, Call Merchant, Bribe Branch


You were in the Dungeon.
You worshipped Gozag.
Gozag was aware of your devotion.
You visited 1 branch You collected 585 gold pieces.
You paid 240 gold pieces to Gozag.

Inventory:

Hand Weapons
 a - a +0 flail
 l - a +1 heavy broad axe (weapon)
Armour
 b - a +0 scale mail
 c - a +0 buckler (worn)
 o - a +0 cloak (worn)
 p - a +1 chain mail (worn)
Jewellery
 m - a +3 ring of strength (left hand)
 n - a +3 ring of strength (right hand)
Wands
 k - a wand of iceblast (10)
Scrolls
 i - 2 scrolls of amnesia
 j - 2 scrolls of blinking
Potions
 e - a potion of curing
 h - 4 potions of magic


   Skills:
 + Level 10.1 Fighting
 * Level 9.0(10.2) Axes
 - Level 7.5(9.5) Maces & Flails
 - Level 2.4 Armour
 - Level 13.8 Stealth
 + Level 9.3 Shields


You had 8 spell levels left.
You didn't know any spells.
Your spell library was empty.

Dungeon Overview and Level Annotations

Branches:
Dungeon (1/1)

Altars:
Cheibriados
Dithmenos
Elyvilon
Fedhas
Gozag
Hepliaklqana
Kikubaaqudgha
Makhleb
Nemelex Xobeh
Okawaru
Qazlal
Ru
Sif Muna
Trog
Uskayaw
Vehumet
Wu Jian
Xom
Yredelemnul
Zin
The Shining One
Jiyva
Lugonu


Innate Abilities, Weirdness & Mutations

Your serpentine skin is tough. (AC +3)
You have supernaturally acute eyesight. (SInv)
Armour fits poorly on your strangely shaped body.
Your system is resistant to poisons. (rPois)
You cover ground very slowly.
You can spit poison.
You have a snake-like lower body.


Message History

The jumping spider barely misses you.
The rakshasa blinks!
The deep elf pyromancer casts a spell.
The deep elf pyromancer blinks!
Unknown command.
Okay, then.
Okay, then.
Okay, then.
You feel better. The jumping spider barely misses you.
The jumping spider bites you but does no damage.
The rakshasa hits you with a +0 trident!
* * * LOW HITPOINT WARNING * * *
Unknown command.
You slice the rakshasa!!
The rakshasa is heavily wounded.
You slice the jumping spider!!
The jumping spider leaps!
The rakshasa hits you with a +0 trident!
* * * LOW HITPOINT WARNING * * *
The deep elf pyromancer casts a spell at you.
The sticky flame hits you but does no damage.
You are covered in liquid flames!
Unknown command.
You feel better.
You are covered in liquid flames!
* * * LOW HITPOINT WARNING * * *
The centaur warrior is distracted by your dazzling golden aura.
The jumping spider leaps!
You feel better.
You are covered in liquid flames!
* * * LOW HITPOINT WARNING * * *
The centaur warrior is no longer distracted by gold.
The deep elf pyromancer casts a spell.
The rakshasa hits you with a +0 trident!
* * * LOW HITPOINT WARNING * * *
You feel better.
You are covered in liquid flames!
* * * LOW HITPOINT WARNING * * *
You are no longer on fire.
The rakshasa hits you with a +0 trident!
You die...
Your body crumbles into a pile of gold. $$$$$ $ $ $ $$$$ $ $ ▓▓▓▓▓▓▓▓▓▓▓▓▓▓▓▓▓▓▓▓▓▓▓▓ +...YcR@EeE..)s...[).).. ▓▓▓▓▓▓▓▓▓▓▓▓▓▓▓▓▓▓▓▓▓▓▓▓

You could see a catoblepas, a rakshasa, a centaur warrior, a deep elf pyromancer, 2 fire elementals and a jumping spider.

Vanquished Creatures
  A two-headed ogre (D)
  A cyclops (D)
  A gargoyle (D)
  A yak (D)
  An ogre (D)
  A centaur (D)
  2 phantoms (D)
  A killer bee (D)
  2 hounds (D)
  A hobgoblin (D)
  2 ball pythons (D)
  A frilled lizard (D)
  A kobold (D)
16 creatures vanquished.

Vanquished Creatures (others)
  A killer bee (D)
1 creature vanquished.

Grand Total: 17 creatures vanquished

Notes
Turn   | Place    | Note
-------+----------+-------------------------------------------
     0 | D        | rocky1 the Naga Fighter began the quest for the Orb.
     0 | D        | Reached XP level 1. HP: 21/21 MP: 1/1
     6 | D        | Reached skill level 1 in Stealth
    12 | D        | Reached skill level 2 in Stealth
    24 | D        | Noticed a phantom
    24 | D        | Noticed a phantom
    24 | D        | Noticed a hound
    24 | D        | Noticed an ogre
    24 | D        | Noticed a hound
    30 | D        | Killed a hound
    31 | D        | Reached skill level 4 in Stealth
    31 | D        | Reached XP level 2. HP: 31/31 MP: 2/2
    31 | D        | Reached XP level 3. HP: 37/37 MP: 3/3
    32 | D        | Killed an ogre
    33 | D        | Reached skill level 5 in Fighting
    33 | D        | Reached skill level 5 in Maces & Flails
    33 | D        | Reached skill level 7 in Stealth
    33 | D        | Reached skill level 5 in Shields
    33 | D        | Reached XP level 4. HP: 46/46 MP: 4/4
    33 | D        | Reached XP level 5. HP: 54/54 MP: 5/5
    44 | D        | Killed a phantom
    45 | D        | Reached skill level 9 in Stealth
    59 | D        | Killed a phantom
    60 | D        | Reached XP level 6. HP: 28/66 MP: 6/6
   455 | D        | Found a snail-covered altar of Cheibriados.
   455 | D        | Found a shadowy altar of Dithmenos.
   455 | D        | Found a white marble altar of Elyvilon.
   455 | D        | Found a blossoming altar of Fedhas.
   455 | D        | Found an opulent altar of Gozag.
   456 | D        | Found a hazy altar of Hepliaklqana.
   457 | D        | Found a viscous altar of Jiyva.
   458 | D        | Found an ancient bone altar of Kikubaaqudgha.
   459 | D        | Found a corrupted altar of Lugonu.
   460 | D        | Found a burning altar of Makhleb.
   461 | D        | Found a sparkling altar of Nemelex Xobeh.
   462 | D        | Found an iron altar of Okawaru.
   463 | D        | Became a worshipper of Gozag Ym Sagoz the Greedy
   464 | D        | Found a stormy altar of Qazlal.
   465 | D        | Found a sacrificial altar of Ru.
   466 | D        | Found a shimmering blue altar of Sif Muna.
   467 | D        | Found a bloodstained altar of Trog.
   468 | D        | Found a hide-covered altar of Uskayaw.
   469 | D        | Found a radiant altar of Vehumet.
   470 | D        | Found an ornate altar of the Wu Jian Council.
   471 | D        | Found a shimmering altar of Xom.
   472 | D        | Found a basalt altar of Yredelemnul.
   473 | D        | Found a glowing silver altar of Zin.
   474 | D        | Found a glowing golden altar of the Shining One.
   527 | D        | Noticed a gargoyle
   527 | D        | Noticed a two-headed ogre
   527 | D        | Noticed a yak
   533 | D        | Killed a yak
   534 | D        | Reached skill level 11 in Stealth
   534 | D        | Reached XP level 7. HP: 56/73 MP: 7/7
   539 | D        | HP: 3/73 [two-headed ogre/+0 giant club (19)]
   542 | D        | Killed a two-headed ogre
   543 | D        | Reached skill level 12 in Stealth
   543 | D        | Reached XP level 8. HP: 21/85 MP: 8/8
   549 | D        | Reached skill level 13 in Stealth
   757 | D        | Killed a gargoyle
   809 | D        | Noticed a catoblepas
   809 | D        | Noticed a rakshasa
   809 | D        | Noticed a centaur warrior
   809 | D        | Noticed a jumping spider
   809 | D        | Noticed a deep elf pyromancer
   809 | D        | Noticed a cyclops
   813 | D        | Killed a cyclops
   814 | D        | Reached skill level 10 in Fighting
   814 | D        | Reached XP level 9. HP: 49/93 MP: 9/9
   818 | D        | HP: 3/93 [rakshasa/+0 trident (15)]
   819 | D        | Slain by a rakshasa

Illustrated notes

Levels and vault maps discovered:
D:        linesprint [early_d, line_temple, items_1, d_10, items_2, lair_1,
          lair_end, items_3, orc_1, orc_end, items_4, d_15, swamp_1, shoals_1,
          snake_1, spider_1, d_20, vaults_1, items_5, swamp_end, shoals_end,
          snake_end, spider_end, vaults_end, d_27, items_6, zot_1, zot_end,
          crypt_end, forest_end, elf_end, slime_end, tomb_end, abyss_end,
          pan_hell_end]

Skill      XL: |  1  2  3  4  5  6  7  8 |
---------------+-------------------------+-----
Stealth        | 4 7 9 11 12 13 | 13.8
Shields        | 4 5 6 7 8 9 |  9.3
Fighting       | 4 5 7 9 10 | 10.1
Maces & Flails | 3 5 6 7 |  7.5
Axes           | 6 9 |  9.0
Armour         | |  2.4

Action                     |  1- 3 |  4- 6 |  7- 9 || total
---------------------------+-------+-------+-------++-------
  Melee: Flail             |    14 |    27 |       ||    41
         Broad axe         |       |     5 |    18 ||    23
 Invoke: Potion Petition   |       |       |     1 ||     1
Ability: Spit Poison       |     1 |       |     1 ||     2
    Use: Potion            |     2 |     1 |     8 ||    11
   Stab: Invisible         |       |     1 |       ||     1
 Armour: Scale mail        |     6 |     8 |       ||    14
         Chain mail        |       |     1 |     9 ||    10
  Dodge: Dodged            |     3 |    10 |    12 ||    25
  Block: Buckler           |     4 |     4 |    11 ||    19

Table legend: (Time is in decaauts)
 A = Elapsed time spent in this place.
 B = Non-inter-level travel time spent in this place.
 C = Inter-level travel time spent in this place.
 D = Time resting spent in this place.
 E = Time spent auto-exploring this place.
 F = Levels seen in this place.
 G = Mean time per level.
                   A        B        C        D        E       F      G
               +--------+--------+--------+--------+--------+-----+--------+
         Total |    918 |    918 |      0 |    527 |      0 |   1 |  918.0 |
       Dungeon |    918 |    918 |      0 |    527 |      0 |   1 |  918.0 |
               +--------+--------+--------+--------+--------+-----+--------+

Top non-repeatable levels by time:
       D: 918 daAuts
